 Dungeon Crawl Stone Soup version 0.21-a0-193-g085b6a0 (webtiles) character file.

122001 Helio the Unseen (level 16, -1/85 HPs)
             Began as a Spriggan Enchanter on Aug 14, 2017.
             Was the Champion of Dithmenos.
             Slain by a vampire knight
             ... wielding a +1 battleaxe of chopping
              (4 damage)
             ... on level 15 of the Dungeon.
             The game lasted 01:53:14 (37768 turns).

Helio the Unseen (Spriggan Enchanter)              Turns: 37768, Time: 01:53:17

Health: -1/85      AC: 11    Str: 14    XL:     16   Next: 33%
Magic:  21/35      EV: 32    Int: 19    God:    Dithmenos [******]
Gold:   478        SH:  0    Dex: 17    Spells: 26/43 levels left

rFire    + + .     SeeInvis +   W - +7 quick blade (venom)
rCold    . . .     Gourm    .   (shield restricted)
rNeg     . . .     Faith    .   j - +3 robe of the Hippo {rCorr}
rPois    .         Spirit   .   x - +2 hat
rElec    .         Reflect  .   J - scarf {cloud immunity}
rCorr    +         Harm     .   (gloves unavailable)
MR       +++..                  (boots unavailable)
Stlth    ++++++++++             i - amulet of regeneration
HPRegen  0.64/turn              Y - ring "Lyibuc Ucoza" {rF+ Str+6}
MPRegen  0.24/turn              e - +4 ring of protection

@: wreathed by umbra, very quick
A: unfitting armour, see invisible, fire resistance 1, herbivore 3, speed 3,
magic resistance 1, slow metabolism 2
a: Shadow Step, Shadow Form, Renounce Religion


You were on level 15 of the Dungeon.
You worshipped Dithmenos.
Dithmenos was exalted by your worship.
You were not hungry.

You visited 6 branches of the dungeon, and saw 26 of its levels.
You also visited: Labyrinth.

You collected 3067 gold pieces.
You spent 2589 gold pieces at shops.

Inventory:

Hand Weapons
 P - a +0 dagger of distortion
 W - a +7 quick blade of venom (weapon)
Armour
 j - the +3 robe of the Hippo (worn) {rCorr}
   (You found it on level 4 of the Dungeon)

   It protects you from acid and corrosion.
 x - a +2 hat (worn)
 J - a scarf of cloud immunity (worn)
Jewellery
 e - a +4 ring of protection (right hand)
 i - an amulet of regeneration (around neck)
 Y - the ring "Lyibuc Ucoza" (left hand) {rF+ Str+6}
   (You bought it in a shop on level 2 of the Orcish Mines)

   [ring of protection from fire]

   It affects your strength (+6).
   It protects you from fire.
Wands
 b - a wand of paralysis (11/24)
 c - a wand of confusion (27/48)
 u - a wand of enslavement (15/24)
 A - a wand of digging (22/24)
 C - a wand of iceblast (3/15)
 G - a wand of iceblast (8/15)
 T - a wand of acid (4/15)
Scrolls
 a - a scroll of fear
 f - a scroll of magic mapping
 l - 10 scrolls of teleportation
 t - 13 scrolls of remove curse
 w - 4 scrolls of identify
 B - 2 scrolls of blinking
 Z - a scroll of recharging
Potions
 k - 4 potions of ambrosia
 m - 5 potions of flight
 o - 5 potions of resistance
 p - 3 potions of magic
 q - 4 potions of mutation
 s - 5 potions of lignification
 v - a potion of berserk rage
 I - 4 potions of haste
 L - a potion of cancellation
 M - 2 potions of heal wounds
 N - 3 potions of curing
 R - a potion of might
 V - a potion of brilliance
 X - 2 potions of invisibility
Comestibles
 d - 12 bread rations
 g - 7 royal jellies


   Skills:
 + Level 10.0 Fighting
 + Level 12.8 Short Blades
 + Level 16.4 Dodging
 + Level 20.2 Stealth
 + Level 14.0 Spellcasting
 + Level 14.6 Hexes


You had 26 spell levels left.
You knew the following spells:

 Your Spells              Type           Power        Failure   Level  Hunger
a - Ensorcelled Hibernat  Hex/Ice        #####.       1%          2    None
b - Corona                Hex            ######.      0%          1    None
c - Confuse               Hex            ######..     1%          3    None
d - Tukima's Dance        Hex            ######..     1%          3    None
e - Dazzling Spray        Conj/Hex       #####.       1%          3    None
f - Blink                 Tloc           N/A          8%          2    None
g - Spectral Weapon       Hex/Chrm       #####...     1%          3    None


Dungeon Overview and Level Annotations

Branches:
Dungeon (15/15)            Temple (1/1) D:4            Lair (6/6) D:8
 Shoals (0/4) Lair:4        Snake (0/4) Lair:4        Slime (0/5) Lair:6
    Orc (2/2) D:9             Elf (1/3) Orc:2        Vaults (0/5) D:14
 Depths (1/5) D:15

Altars:
Ashenzari
Cheibriados
Dithmenos
Elyvilon
Fedhas
Gozag
Hepliaklqana
Kikubaaqudgha
Makhleb
Nemelex Xobeh
Okawaru
Qazlal
Ru
Sif Muna
Trog
Uskayaw
Vehumet
Wu Jian
Xom
Yredelemnul
Zin
The Shining One
Beogh
Lugonu

Shops:
D:6 =   D:11 (   D:13 *   Orc:1 %!   Orc:2 :}==

Annotations:
D:8 1 runed door
Lair:5 exclusion: door
Elf:1 exclusions: door and ice statue


Innate Abilities, Weirdness & Mutations

You are very small and have problems with some larger weapons.
You are too small for most types of armour.
You have supernaturally acute eyesight. (SInv)
You are a herbivore.
You cover ground extremely quickly.
You need consume almost no food.
Your flesh is heat resistant. (rF+)
You are resistant to hostile enchantments. (MR+)


Message History

Confirm with . or Enter, or press ? or * to list all spells.
Aiming: Confuse
Press: ? - help, Shift-Dir - straight line, f/p - vampire knight
Aim: a vampire knight, wielding a battleaxe of chopping and wearing a chain mail (black smoke, umbra, chance to defeat MR: 27%)
The vampire knight easily resists.
Your shadow mimicks your spell!
The vampire knight resists with almost no effort.
The vampire knight completely misses you. x2
Casting: Confuse
Confirm with . or Enter, or press ? or * to list all spells.
Aiming: Confuse
Press: ? - help, Shift-Dir - straight line, f/p - vampire knight
Aim: a vampire knight, wielding a battleaxe of chopping and wearing a chain mail (black smoke, umbra, chance to defeat MR: 27%)
The vampire knight easily resists.
Your shadow mimicks your spell!
The vampire knight resists with almost no effort.
The vampire knight hits you with a battleaxe of chopping!!
* * * LOW HITPOINT WARNING * * *
x2 The vampire knight bites you.
You die...

###..............##
##)#.#.#.#
##†......####..###
##.#.#.#.
......#### ####
#.#.#.#.# .....##
##.#.#.#. ....##
#.#.#.#.# ...##
##########.#....
...# ##§....##
#...... ...#
##Q§.....#####..(.
...#
#@V#####.....##..#
...#
##§§.[...##...##)#
...#
###§....###.8..###
...##
#.########......#
....#
#.........).....##
....##
##...............#
.....##
##...............
#.....#
###########.....
####..## ##....


You could see a vampire knight and a tengu warrior (confused).

Vanquished Creatures
  Roxanne (D:14)
  A spark wasp (shapeshifter) (Depths:1)
  Snorg (D:13)
  A minotaur (Lab)
  A fire dragon (D:15)
  Josephine (D:10)
  2 ice dragons
  A rakshasa (D:14)
  9 hydras
  4 vault guards (D:14)
  26 two-headed ogres
  3 centaur warriors (D:14)
  2 catoblepae (Lair:5)
  5 ogre magi
  A dancing weapon (Elf:1)
  2 tengu warriors (D:14)
  3 deep troll shamans (D:15)
  Urug (D:10)
  2 orc high priests (Orc:1)
  Sonja (D:14)
  Nergalle (Lair:1)
  4 skeletal warriors (D:15)
  2 iron trolls (D:15)
  2 deep elf archers (Elf:1)
  A flayed ghost (Depths:1)
  3 wizards
  A phantasmal warrior (Depths:1)
  11 deep elf magi
  9 ugly things
  An orc knight (Orc:1)
  An orc sorcerer (Orc:2)
  3 cyclopes
  4 manticores
  7 elephants (Lair:6)
  5 black mambas
  21 spiny frogs
  3 centaur zombies
  5 gargoyles
  6 centaur skeletons
  A rime drake (Lair:6)
  3 yaktaurs (Depths:1)
  9 komodo dragons
  An efreet (D:14)
  4 kobold demonologists
  2 ice devils (Lair:1)
  A tengu conjurer (D:15)
  A queen bee (D:11)
  9 trolls
  2 tyrant leeches (Lair:6)
  2 hornets
  7 polar bears
  18 blink frogs
  3 slime creatures (D:13)
  6 dream sheep (Lair:3)
  7 hippogriffs
  6 wraiths
  A shadow (D:15)
  2 wyverns
  3 vampires
  8 spriggans (D:11)
  26 yaks
  A hungry ghost (D:14)
  20 vampire mosquitoes
  A naga (Lair:4)
  3 wargs
  An insubstantial wisp (Lair:6)
  2 soldier ants
  5 water moccasins
  A swamp drake (Lair:6)
  10 porcupines
  4 phantoms
  3 ice beasts
  3 sky beasts
  19 orc warriors
  An eye of draining (D:9)
  21 wolves
  2 boggarts (D:15)
  4 black bears
  2 necrophages
  11 centaurs
  38 ogres
  13 crocodiles
  2 big kobolds
  35 bullfrogs
  3 wyvern zombies
  2 scorpions
  A water moccasin zombie (D:9)
  A water moccasin skeleton (D:6)
  2 wyvern skeletons
  18 killer bees
  21 wights
  6 electric eels
  11 crimson imps
  6 hounds
  2 quasits
  8 jellies
  5 bullfrog zombies
  A bullfrog skeleton (D:7)
  16 orc priests
  7 iguanas
  22 orc wizards
  26 worker ants
  7 hell rats (Lair:6)
  2 hound zombies (D:10)
  3 hound skeletons
  A howler monkey zombie (D:5)
  2 worker ant zombies
  22 adders
  7 gnolls
  A howler monkey skeleton (D:10)
  3 shadow imps
  An ooze (D:2)
  2 adder zombies
  A worm (D:3)
  6 leopard geckos
  91 orcs
  3 ball pythons
  12 giant cockroaches
  5 goblins
  13 hobgoblins
  8 jackals
  11 kobolds
  2 quokkas
  7 bats
  8 frilled lizards
  A jackal skeleton (D:7)
  A leopard gecko skeleton (D:5)
  11 rats
  A butterfly (D:8)
  A plant (Lair:6)
873 creatures vanquished.

Vanquished Creatures (collateral kills)
  Grum (D:8)
  2 orc warriors
  An orc priest (Orc:1)
  An orc wizard (D:9)
  3 orcs
8 creatures vanquished.

Vanquished Creatures (others)
  A hydra (D:14)
  A boggart (Depths:1)
  A centaur (D:11)
  9 fungi
  34 plants (Lair:6)
46 creatures vanquished.

Grand Total: 927 creatures vanquished

Notes
Turn   | Place    | Note
-------+----------+-------------------------------------------
     0 | D:1      | Helio the Spriggan Enchanter began the quest for the Orb.
     0 | D:1      | Reached XP level 1. HP: 9/9 MP: 5/5
   295 | D:1      | Reached XP level 2. HP: 11/13 MP: 1/7
   299 | D:1      | Learned a level 2 spell: Ensorcelled Hibernation
  1065 | D:1      | Reached XP level 3. HP: 15/16 MP: 9/9
  1752 | D:1      | Learned a level 3 spell: Confuse
  1756 | D:1      | Learned a level 3 spell: Tukima's Dance
  2122 | D:2      | Reached XP level 4. HP: 19/21 MP: 4/11
  2583 | D:2      | Reached skill level 5 in Hexes
  3500 | D:3      | Reached skill level 5 in Stealth
  3500 | D:3      | Reached XP level 5. HP: 19/24 MP: 5/13
  3984 | D:3      | Reached skill level 6 in Stealth
  4536 | D:4      | Noticed an ogre
  4538 | D:4      | Killed an ogre
  4538 | D:4      | Reached skill level 7 in Stealth
  4540 | D:4      | Reached XP level 6. HP: 28/28 MP: 14/14
  4567 | D:4      | Reached skill level 8 in Stealth
  4569 | D:4      | Reached skill level 9 in Stealth
  5008 | D:4      | Got a faintly humming robe
  5022 | D:4      | Identified the +3 robe of the Hippo {rCorr} (You found it on level 4 of the Dungeon)
  5156 | D:4      | Reached skill level 10 in Stealth
  5156 | D:4      | Reached XP level 7. HP: 32/32 MP: 12/15
  5468 | D:4      | Found a staircase to the Ecumenical Temple.
  5474 | Temple   | Entered the Ecumenical Temple
  5479 | Temple   | Became a worshipper of Dithmenos the Shadowed
  5664 | D:5      | Entered Level 5 of the Dungeon
  5847 | D:5      | Reached skill level 11 in Stealth
  6010 | D:5      | Learned a level 3 spell: Dazzling Spray
  6184 | D:5      | Learned a level 2 spell: Blink
  6304 | D:5      | Found an opulent altar of Gozag.
  6342 | D:5      | Found a sacrificial altar of Ru.
  6390 | D:5      | Reached skill level 12 in Stealth
  6478 | D:5      | Found a hazy altar of Hepliaklqana.
  6585 | D:5      | Found a glowing silver altar of Zin.
  6620 | D:6      | Found Pesukuv's Jewellery Shop.
  6636 | D:6      | Reached XP level 8. HP: 27/37 MP: 0/16
  7250 | D:6      | Reached skill level 1 in Fighting
  7272 | D:6      | Reached skill level 5 in Spellcasting
  7435 | D:6      | Found a stormy altar of Qazlal.
  8333 | D:6      | Reached * piety under Dithmenos
  8387 | D:6      | Reached skill level 5 in Dodging
  8816 | D:6      | Reached XP level 9. HP: 43/43 MP: 19/19
  9679 | D:7      | Reached skill level 13 in Stealth
 10093 | D:7      | Reached ** piety under Dithmenos
 10877 | D:8      | Noticed Grum
 10894 | D:8      | Killed Grum
 10894 | D:8      | Reached skill level 5 in Short Blades
 11133 | D:8      | Found a runed door.
 11145 | D:8      | Found a runed door.
 11401 | D:7      | Reached XP level 10. HP: 40/49 MP: 14/21
 11706 | D:8      | Found a staircase to the Lair.
 12236 | D:8      | Reached *** piety under Dithmenos
 12549 | D:9      | Found a glowing golden altar of the Shining One.
 12669 | D:9      | Noticed a two-headed ogre
 12698 | D:9      | Killed a two-headed ogre
 12698 | D:9      | Reached skill level 14 in Stealth
 13389 | D:9      | Reached **** piety under Dithmenos
 14148 | D:9      | Found a staircase to the Orcish Mines.
 14403 | D:10     | Entered Level 10 of the Dungeon
 14567 | D:10     | Noticed a two-headed ogre
 14598 | D:10     | Killed a two-headed ogre
 14598 | D:10     | Reached XP level 11. HP: 54/54 MP: 17/24
 14656 | D:10     | Noticed Josephine
 14659 | D:10     | Killed Josephine
 14730 | D:10     | Reached skill level 5 in Fighting
 15120 | D:10     | Gained mutation: Your flesh is heat resistant. (rF+) [potion of mutation]
 15120 | D:10     | Gained mutation: You are resistant to hostile enchantments. (MR+) [potion of mutation]
 15347 | D:10     | Found a corrupted altar of Lugonu.
 15419 | D:10     | Reached skill level 15 in Stealth
 15592 | D:10     | Noticed Urug
 15616 | D:10     | Killed Urug
 15616 | D:10     | Reached skill level 10 in Dodging
 15770 | D:10     | Noticed a two-headed ogre
 15777 | D:10     | Killed a two-headed ogre
 15920 | D:11     | Noticed a white ugly thing
 16073 | D:11     | Noticed a two-headed ogre
 16078 | D:11     | Killed a two-headed ogre
 16206 | D:11     | Killed a white ugly thing
 16368 | D:11     | Reached skill level 10 in Hexes
 16544 | D:11     | Noticed a two-headed ogre
 16591 | D:11     | Killed a two-headed ogre
 16795 | D:11     | Reached XP level 12. HP: 60/60 MP: 26/26
 17557 | D:11     | Noticed a two-headed ogre
 17565 | D:11     | Killed a two-headed ogre
 17565 | D:11     | Reached skill level 10 in Spellcasting
 17639 | D:11     | Reached ***** piety under Dithmenos
 17838 | D:11     | Found Qaytopryi's Antique Weapon Boutique.
 17958 | D:11     | Reached skill level 16 in Stealth
 18516 | D:12     | Found a labyrinth entrance.
 18524 | Lab      | Entered a labyrinth
 18762 | Lab      | Noticed a minotaur
 18764 | Lab      | Killed a minotaur
 19166 | D:12     | Noticed a two-headed ogre
 19173 | D:12     | Killed a two-headed ogre
 19984 | D:13     | Found Ikesch's General Store.
 20212 | D:13     | Noticed a two-headed ogre
 20217 | D:13     | Killed a two-headed ogre
 20263 | D:13     | Noticed Snorg
 20267 | D:13     | Killed Snorg
 20267 | D:13     | Reached XP level 13. HP: 66/66 MP: 23/28
 20840 | D:14     | Reached skill level 17 in Stealth
 21146 | D:14     | Noticed Roxanne
 21217 | D:14     | Noticed Sonja
 21220 | D:14     | Killed Sonja
 21331 | D:14     | Found a gate to the Vaults.
 21632 | D:14     | Killed Roxanne
 21634 | D:14     | Identified Roxanne's Catalogue of Clay (You took it off Roxanne on level 14 of the Dungeon)
 22351 | Lair:1   | Entered Level 1 of the Lair of Beasts
 22367 | Lair:1   | Reached skill level 10 in Short Blades
 22370 | Lair:1   | Noticed Nergalle
 22385 | D:8      | Reached ****** piety under Dithmenos
 22709 | Lair:1   | Killed Nergalle
 22865 | Lair:1   | Learned a level 3 spell: Spectral Weapon
 23010 | Lair:1   | Identified a scroll of acquirement
 23126 | D:13     | Bought 3 scrolls of brand weapon for 840 gold pieces
 24599 | Lair:3   | Reached XP level 14. HP: 40/72 MP: 25/30
 25255 | Lair:3   | Reached skill level 18 in Stealth
 26036 | Lair:4   | Found a staircase to the Shoals.
 26057 | Lair:4   | Found a staircase to the Snake Pit.
 27920 | Lair:6   | Entered Level 6 of the Lair of Beasts
 29932 | Lair:6   | Found a staircase to the Slime Pits.
 30184 | Lair:6   | Reached XP level 15. HP: 54/78 MP: 17/32
 30997 | Orc:1    | Entered Level 1 of the Orcish Mines
 31435 | D:9      | Reached skill level 15 in Dodging
 31467 | Orc:1    | Reached skill level 19 in Stealth
 31852 | Orc:1    | Found Qaluc's Food Emporium.
 31855 | Orc:1    | Found Sarisoid's Distillery.
 31913 | Orc:1    | Bought a potion of heal wounds for 60 gold pieces
 32134 | Orc:2    | Entered Level 2 of the Orcish Mines
 32137 | Orc:2    | Found a roughly hewn altar of Beogh.
 32238 | Orc:2    | Found Kufef's Gadget Boutique.
 32238 | Orc:2    | Found Kyonabel's Jewellery Emporium.
 32238 | Orc:2    | Found Peggequi's Book Shoppe.
 32238 | Orc:2    | Found Rysuirph's Jewellery Boutique.
 32585 | Orc:2    | Bought a +4 ring of protection for 540 gold pieces
 32595 | Orc:2    | Bought the ring "Lyibuc Ucoza" {rF+ Str+6} for 669 gold pieces
 33033 | Orc:2    | Found a staircase to the Elven Halls.
 33205 | Elf:1    | Entered Level 1 of the Elven Halls
 33367 | Elf:1    | Noticed an azure jelly
 34107 | D:15     | Entered Level 15 of the Dungeon
 34432 | Orc:1    | Bought a potion of invisibility for 96 gold pieces
 34432 | Orc:1    | Bought a potion of invisibility for 96 gold pieces
 34432 | Orc:1    | Bought 2 potions of invisibility for 192 gold pieces
 34432 | Orc:1    | Bought a potion of invisibility for 96 gold pieces
 34870 | D:15     | Reached XP level 16. HP: 84/84 MP: 34/34
 35186 | D:15     | Found a staircase to the Depths.
 35188 | D:15     | Reached skill level 20 in Stealth
 35555 | Depths:1 | Entered Level 1 of the Depths
 36184 | Depths:1 | Noticed a sphinx
 37050 | Depths:1 | Noticed a storm dragon
 37050 | Depths:1 | a seven-headed hydra changed into a storm dragon
 37053 | Depths:1 | a storm dragon changed into a death yak
 37305 | Depths:1 | Reached skill level 10 in Fighting
 37768 | D:15     | HP: 3/85 [vampire knight/battleaxe of chopping (6)]
 37768 | D:15     | Slain by a vampire knight

Vault maps used:
D:1:      ncdulo_smallfort, minmay_tromino_mix6
D:3:      first_bread, bh_walls_and_bars
D:4:      minmay_temple_entry_fiery, grunt_ministairs_4
D:5:      nicolae_overflow_crystal_walls, lemuel_doored_altar, kennysheep_mini,
          nicolae_ru_awakened_eye
D:6:      old_standard_altar, serial_shops, shop
D:7:      black_bear_nest_1
D:8:      lemuel_insect_pit, grunt_lair_entry_orc_guard_hut, uniq_grum
D:9:      lemuel_round_altar, david_orc_3
D:10:     kennysheep_kobold_lugonu_temple, uniq_urug, uniq_josephine
D:11:     kb_forest_paths, serial_shops, nicolae_shop_statue_plus,
          david_nohive_1
D:12:     lab_entry_generic
D:13:     serial_shops, shop, lightli_wizard_tower, uniq_snorg
D:14:     lightli_vaults_fourway_checkpoint, uniq_sonja, uniq_roxanne
D:15:     grunt_enter_depths_hoard, minivault_23, grunt_ministairs_8,
          small_statue_intersection
Temple:   nicolae_temple_elliptical
Lair:1:   portal_ice_cave_demonic_guard, gammafunk_lair_bear_cave, uniq_nergalle
Lair:2:   lemuel_fruit_fields
Lair:3:   beast_lair_carwin_8
Lair:4:   minmay_shoals_entry_beasts, minmay_snake_entry_guardpost_small,
          lookout_lair_type, st_stairs_9, serial_bayou_pond_b,
          infiniplex_staircase_pool_2
Lair:5:   nzn_motion_control, beast_lair_carwin_4
Lair:6:   minmay_lair_end_frog_pond, dpeg_slime_entry_corner,
          nicolae_quartered_pool_super, pond, serial_bayou_shore_a,
          infiniplex_staircase_pool
Orc:1:    serial_shops, shop, shop
Orc:2:    st_orc_ogre_mass, special_room, basic_altar
Elf:1:    eino_elf_arrival_the_gate, minmay_elf_sorcery,
          hangedman_feature_mirror, hangedman_research_thermodynamics
Depths:1: hangedman_abyss_or_decor_slice, grunt_pan_entry_in_and_out,
          pf_hell_entry_great_geh, hangedman_abyss_or_decor_passed,
          minmay_holes, lemuel_nasty_fountain, grunt_megastairs_2
Lab:      nicolae_lab_starburst, nicolae_lab_stuck

Skill      XL: |  1  2  3  4  5  6  7  8  9 10 11 12 13 14 15 16 |
---------------+-------------------------------------------------+-----
Spellcasting   | 3 4 6 7 8 9 10 11 12 13 14 | 14.0
Hexes          | 4 5 6 7 9 10 11 12 13 14 | 14.6
Stealth        | 5 7 10 12 13 14 15 16 17 18 19 20 | 20.2
Fighting       | 2 3 4 5 6 7 8 9 10 | 10.0
Short Blades   | 3 5 6 8 9 10 11 12 | 12.8
Dodging        | 5 7 9 10 12 13 14 15 16 | 16.4

Action                   |  1- 3 |  4- 6 |  7- 9 | 10-12 | 13-15 | 16-18 || total
-------------------------+-------+-------+-------+-------+-------+-------++-------
Melee: Dagger            |   170 |   138 |   382 |   335 |       |       ||  1025
       Short sword       |       |       |       |   504 |   278 |       ||   782
       Quick blade       |       |       |       |       |  1332 |   156 ||  1488
 Cast: Corona            |    18 |       |       |       |       |       ||    18
       Ensorcelled Hiber |    29 |    56 |    65 |    73 |   141 |     1 ||   365
       Confuse           |       |     1 |    46 |    93 |    84 |    44 ||   268
       Dazzling Spray    |       |       |     7 |    35 |    32 |     5 ||    79
       Tukima's Dance    |       |       |     1 |     3 |     5 |       ||     9
Invok: Shadow Step       |       |       |       |     2 |     4 |       ||     6
Evoke: Wand              |       |       |       |     1 |     1 |       ||     2
  Use: Scroll            |       |     7 |     7 |     9 |    20 |     1 ||    44
       Potion            |       |       |       |     6 |    10 |     2 ||    18
 Stab: Sleeping          |    23 |    43 |    59 |    89 |   156 |     7 ||   377
       Distracted        |     1 |       |     1 |     4 |     6 |       ||    12
       Confused          |       |     1 |    15 |    51 |    49 |    14 ||   130
       Invisible         |       |       |     3 |    11 |    62 |    13 ||    89
  Eat: Royal jelly       |       |     2 |     3 |       |     2 |     2 ||     9
       Bread ration      |       |       |     1 |     1 |       |       ||     2
       Fruit             |       |       |     1 |     2 |    10 |       ||    13
Armor: Robe              |    25 |    10 |    26 |    37 |    41 |    11 ||   150
Dodge: Dodged            |   171 |   115 |   306 |   805 |  1012 |   173 ||  2582
